 Dungeon Crawl Stone Soup version 0.28-a0-1493-g08698888e4 (webtiles) character file.

Game seed: 16934601278359614182

4050 Hasart the Ducker (level 9, -1/70 (72) HPs)
             Began as a Demigod Transmuter on Jan 12, 2022.
             Shot with a sling bullet by Joseph (14 damage)
             ... on level 8 of the Dungeon.
             The game lasted 00:14:05 (9088 turns).

Hasart the Ducker (Demigod Transmuter)              Turns: 9088, Time: 00:14:06

HP:   -1/70 (72)    AC: 10    Str: 19    XL:     9   Next: 75%
MP:   18/19         EV:  7    Int: 21    God:
Gold: 331           SH:  0    Dex: 23    Spells: 11/17 levels left

rFire   . . .      SeeInvis +   e - +11 quarterstaff of Brutal Revenge {vorpal, rC- Int+2 Dex+5 SInv}
rCold   . . .      Faith    .   (shield currently unavailable)
rNeg    . . .      Spirit   .   n - +2 ring mail {rPois}
rPois   +          Reflect  .   (helmet currently unavailable)
rElec   .          Harm     .   r - +0 cloak
rCorr   .          Rampage  .   g - +0 pair of gloves "Iskuteba" {rPois Will+ Int+4}
Will    +....                   (boots currently unavailable)
Stlth   +.........              (no amulet)
HPRegen 0.21/turn               x - ring of protection from cold
MPRegen 0.16/turn               (no ring)

@: appendages, wereblooded, held, lightly drained
A: horns 2, talons 2, high mp 1, forlorn, divine attributes, claws 1
a: End Transformation


You were on level 8 of the Dungeon.
You had temporarily grown beastly horns and talons.
You visited 1 branch of the dungeon, and saw 8 of its levels.

You collected 331 gold pieces.

Inventory:

Hand Weapons
 e - the +11 quarterstaff of Brutal Revenge (weapon) {vorpal, rC- Int+2 Dex+5 SInv}
   (You found it on level 2 of the Dungeon)

   It inflicts extra damage upon your enemies.
   Int:       It affects your intelligence (+2).
   Dex:       It affects your dexterity (+5).
   rC:        It makes you vulnerable to cold.
   SInv:      It lets you see invisible.
Missiles
 l - 9 poisoned darts
 B - 6 silver javelins (quivered)
Armour
 a - a +0 robe
 b - a +0 buckler
 g - the +0 pair of gloves "Iskuteba" (worn) {rPois Will+ Int+4}
   (You found it on level 2 of the Dungeon)

   Int:       It affects your intelligence (+4).
   rPois:     It protects you from poison.
   Will:      It increases your willpower.
 n - a +2 ring mail of poison resistance (worn)
 p - a +2 kite shield
 r - a +0 cloak (worn)
 y - a +0 pair of boots (melded)
Jewellery
 x - a ring of protection from cold (left hand)
Wands
 o - a wand of polymorph (11)
 w - a wand of iceblast (16)
 A - a wand of flame (29)
Scrolls
 d - a scroll of enchant armour
 m - 2 scrolls of teleportation
 t - 2 scrolls of fog
 v - 4 scrolls of identify
 z - a scroll of enchant weapon {unknown}
Potions
 c - a potion of brilliance {unknown}
 f - 3 potions of haste {unknown}
 h - 6 potions of curing
 j - 4 potions of heal wounds {unknown}
 k - a potion of lignification {unknown}
 q - a potion of degeneration {unknown}
 s - a potion of might {unknown}
 u - 2 potions of attraction {unknown}


   Skills:
 + Level 4.5 Fighting
 + Level 4.3 Staves
 + Level 4.0 Throwing
 + Level 3.8 Armour
 + Level 4.9 Dodging
 - Level 0.6 Shields
 - Level 2.9 Unarmed Combat
 + Level 4.5 Spellcasting
 + Level 4.9 Transmutations
 + Level 4.0 Air Magic
 + Level 3.5 Evocations


You had 11 spell levels left.
You knew the following spells:

 Your Spells              Type           Power      Damage    Failure   Level
a - Beastly Appendage     Tmut           50%        N/A       2%          1
b - Wereblood             Tmut           25%        N/A       3%          2
c - Swiftness             Air            21%        N/A       11%         3

Your spell library contained the following spells:

 Spells                   Type           Power      Damage    Failure   Level
 Shock                    Conj/Air       52%        1d6       9%          1
 Passwall                 Tmut/Erth      12%        N/A       11%         2
 Sandblast                Erth           8%         2d5       19%         1
 Spider Form              Tmut/Pois      15%        N/A       22%         3
 Airstrike                Air            10%        N/A       34%         4
 Stone Arrow              Conj/Erth      8%         3d7       50%         3
 Ice Form                 Ice/Tmut       15%        N/A       56%         4


Dungeon Overview and Level Annotations

Branches:
Dungeon (8/15)             Temple (0/1) D:7
   Lair: D:8-11

Annotations:
D:8 Joseph, Psyche


Innate Abilities, Weirdness & Mutations

You have temporarily grown beastly horns and talons.
You have an increased reservoir of magic. (+10% MP)
You shall have no god before yourself.
Your divine heritage dramatically boosts your attributes as you level up.
You have sharp fingernails.


Message History

You closely miss Joseph. Your headbutt misses Joseph.
Joseph is severely wounded.
Psyche hits you but does no damage. Space warps horribly around you!
Joseph hits you with a +0 quarterstaff.
* * * LOW HITPOINT WARNING * * *
Unknown command.
You hit Joseph but do no damage. Your kick misses Joseph.
Joseph is severely wounded.
Psyche misses you. Joseph hits you with a +0 quarterstaff!
* * * LOW HITPOINT WARNING * * *
Unknown command.
Okay, then.
You feel better.
Psyche laughs secretively.
Psyche hits you with a +4 dagger of distortion.
* * * LOW HITPOINT WARNING * * *
Space warps around you.
* * * LOW HITPOINT WARNING * * *
Joseph hits you with a +0 quarterstaff.
* * * LOW HITPOINT WARNING * * *
Unknown command.
You feel better.
Unknown command.
Joseph unwields a +0 quarterstaff.
Joseph wields a +0 hunting sling.
Joseph shoots a sling bullet.
The sling bullet hits Psyche!
You hit Psyche. You headbutt Psyche!
Psyche is heavily wounded.
Psyche casts a spell.
A swirling arc of seething chaos appears!
The arc of chaos hits you.
You are caught in a web!
* * * LOW HITPOINT WARNING * * *
Psyche mumbles some strange words.
A swirling arc of seething chaos appears!
The arc of chaos hits you but does no damage.
You resist.
It was a potion of mutation.
You feel extremely strange.
Your fingernails lengthen.
Psyche hits you but does no damage.
Joseph shoots a sling bullet.
The sling bullet hits you!
You die...

#.# #. #.# #.#
# #.# ##.# .##
#.# ... ....
#.# #.###...#
#.# #......#
#.# #.F# #.#
#@@### #.#
#..@.# #.#
#.###.#.#####
..#
#............
.##
#####.#.#####
.# ##....# .#
#######.....##
.#
#............#
O#
#.#####.....##
z# ##)..##


You could see Joseph (invisible), Psyche (invisible) and a bullfrog.

Vanquished Creatures
  A two-headed ogre (D:7)
  Pikel (D:7)
  A hornet (D:7)
  Duvessa (D:6)
  A water moccasin (D:6)
  2 sky beasts
  2 ice beasts (D:7)
  2 orc warriors
  A black bear (D:6)
  2 ogres
  A centaur (D:6)
  3 phantoms
  A gnoll sergeant (D:5)
  2 scorpions
  Dowan (D:6)
  4 killer bees (D:8)
  13 wights
  A howler monkey (D:7)
  A centaur zombie (D:7)
  2 orc priests
  2 bullfrog skeletons
  A centaur skeleton (D:5)
  Ijyb (D:4)
  2 orc wizards (D:4)
  Terence (D:2)
  2 howler monkey zombies
  4 gnolls
  7 adders
  A white imp (D:7)
  7 worms
  A dart slug (D:2)
  19 orcs
  7 ball pythons
  5 bats
  5 endoplasms
  A giant cockroach (D:3)
  7 goblins
  6 hobgoblins
  12 jackals
  2 quokkas
  3 frilled lizards
  4 kobolds
  4 rats
147 creatures vanquished.

Notes
Turn   | Place    | Note
-------+----------+-------------------------------------------
     0 | D:1      | Hasart the Demigod Transmuter began the quest for the Orb.
     0 | D:1      | Reached XP level 1. HP: 15/15 MP: 5/5
   137 | D:1      | Reached skill level 1 in Fighting
   491 | D:1      | Reached XP level 2. HP: 6/23 MP: 7/7
   499 | D:1      | Learned a level 2 spell: Wereblood
  1129 | D:1      | You fall into a shaft and drop 1 floor!
  1133 | D:2      | Identified the +11 quarterstaff of Brutal Revenge {vorpal,
                  | rC- Int+2 Dex+5 SInv}
  1182 | D:2      | Identified the +0 pair of gloves "Iskuteba" {rPois Will+
                  | Int+4}
  1191 | D:2      | Reached XP level 3. HP: 28/28 MP: 8/8
  1459 | D:2      | Noticed Terence
  1462 | D:2      | Killed Terence
  2254 | D:3      | Reached XP level 4. HP: 36/36 MP: 10/10
  2270 | D:3      | Learned a level 3 spell: Swiftness
  2500 | D:3      | Reached skill level 1 in Staves
  3153 | D:4      | Noticed Ijyb
  3159 | D:4      | Killed Ijyb
  3160 | D:4      | Reached XP level 5. HP: 37/41 MP: 11/11
  3262 | D:4      | Reached skill level 1 in Air Magic
  3445 | D:4      | Reached XP level 6. HP: 45/48 MP: 12/12
  3482 | D:4      | Reached skill level 1 in Throwing
  3646 | D:4      | Reached skill level 1 in Armour
  4240 | D:5      | Entered Level 5 of the Dungeon
  4643 | D:5      | Reached XP level 7. HP: 49/56 MP: 14/14
  5587 | D:6      | Reached skill level 1 in Evocations
  5784 | D:6      | Noticed Dowan
  5784 | D:6      | Noticed Duvessa
  5802 | D:6      | Killed Dowan
  5969 | D:6      | Killed Duvessa
  5970 | D:6      | Reached XP level 8. HP: 39/63 MP: 16/16
  7047 | D:7      | Noticed Pikel
  7057 | D:7      | Killed Pikel
  7131 | D:7      | Reached XP level 9. HP: 39/71 MP: 18/18
  7634 | D:7      | Found a staircase to the Ecumenical Temple.
  8212 | D:8      | Noticed a two-headed ogre
  8480 | D:7      | Killed a two-headed ogre
  9072 | D:8      | Noticed Psyche
  9072 | D:8      | Noticed Joseph
  9088 | D:8      | Gained mutation: You have sharp fingernails. [potion of
                  | mutation]
  9088 | D:8      | Shot with a sling bullet by Joseph

Illustrated notes

Levels and vault maps discovered:
D:1:      matt_arrival_debris, layout_basic
D:2:      layout_basic, fountainhead, grunt_ministairs_7, uniq_terence
D:3:      layout_loops_cross, general_overflow_altar,
          nicolae_overflow_crystal_walls, mainiacjoe_overflow_small_starburst
D:4:      layout_cave_pods, mainiacjoe_overflow_concentric_impassable,
          mainiacjoe_overflow_six_doors_small, uniq_ijyb
D:5:      layout_loops_corners, lemuel_doored_altar
D:6:      layout_basic, dk_vineyard_1, st_stairs_6,
          nicolae_elevator_lobby_asterisk, uniq_duvessa
D:7:      layout_cave_pools, minmay_temple_entry_glassed_door, uniq_pikel
D:8:      layout_loops_ring, fedhas_ov_isle_minmay,
          mainiacjoe_overflow_tiny_flanked, uniq_psyche, uniq_joseph

Skill      XL: |  1  2  3  4  5  6  7  8  9 |
---------------+----------------------------+-----
Fighting       | 1 2 3 4 |  4.5
Spellcasting   | 2 3 4 |  4.5
Dodging        | 2 3 4 |  4.9
Transmutations | 2 3 4 |  4.9
Staves         | 1 2 3 4 |  4.3
Air Magic      | 1 2 3 4 |  4.0
Throwing       | 1 2 3 4 |  4.0
Armour         | 1 2 3 |  3.8
Evocations     | 1 2 3 |  3.5
Shields        | |  0.6
Unarmed Combat | |  2.9

Action                   |  1- 3 |  4- 6 |  7- 9 || total
-------------------------+-------+-------+-------++-------
Melee: Unarmed           |    66 |       |       ||    66
       Kick              |     6 |       |     2 ||     8
       Quarterstaff      |    26 |   127 |   177 ||   330
       Headbutt          |     2 |       |     3 ||     5
Throw: Dart              |       |     9 |    36 ||    45
       Javelin           |       |       |     5 ||     5
 Cast: Beastly Appendage |     6 |       |     1 ||     7
       Wereblood         |       |     1 |     3 ||     4
  Use: Scroll            |       |     4 |     3 ||     7
       Potion            |       |       |     3 ||     3
 Stab: Sleeping          |     2 |     2 |       ||     4
Armor: Robe              |    17 |     8 |       ||    25
       Ring mail         |       |    27 |    60 ||    87
Dodge: Dodged            |    59 |    84 |   116 ||   259
Block: Buckler           |     7 |       |       ||     7

Table legend: (Time is in decaauts)
 A = Elapsed time spent in this place.
 B = Non-inter-level travel time spent in this place.
 C = Inter-level travel time spent in this place.
 D = Time resting spent in this place.
 E = Time spent auto-exploring this place.
 F = Levels seen in this place.
 G = Mean time per level.
                   A        B        C        D        E       F      G
               +--------+--------+--------+--------+--------+-----+--------+
         Total |   9145 |   8878 |    267 |    920 |   6669 |   8 | 1143.1 |
       Dungeon |   9145 |   8878 |    267 |    920 |   6669 |   8 | 1143.1 |
               +--------+--------+--------+--------+--------+-----+--------+

Top non-repeatable levels by time:
     D:6: 1546 daAuts
     D:7: 1333 daAuts
     D:4: 1169 daAuts
     D:1: 1127 daAuts
     D:5: 1120 daAuts
     D:2: 1114 daAuts
     D:3: 926 daAuts
     D:8: 808 daAuts
